 Dungeon Crawl Stone Soup version 0.21-a0-203-gb066a6e (webtiles) character file.

7 namelastname112 the Ducker (level 1, 0/10 HPs)
             Began as a Felid Abyssal Knight on Aug 19, 2017.
             Was an Initiate of Lugonu.
             Slain by a jackal (2 damage)
             ... on level 1 of the Dungeon.
             The game lasted 00:01:24 (341 turns).

namelastname112 the Ducker (Felid Abyssal Knight)    Turns: 341, Time: 00:01:26

Health: 0/10       AC:  1    Str:  8    XL:     1   Next: 91%
Magic:  3/3        EV: 18    Int: 13    God:    Lugonu [......]
Gold:   16         SH:  0    Dex: 15    Spells: 0/0 levels left
                                        Lives:  0   Deaths: 0

rFire    . . .     SeeInvis +     - Unarmed
rCold    . . .     Gourm    .   (shield unavailable)
rNeg     . . .     Faith    .   (armour unavailable)
rPois    .         Spirit   .   (helmet unavailable)
rElec    .         Reflect  .   (cloak unavailable)
rCorr    .         Harm     .   (gloves unavailable)
MR       .....                  (boots unavailable)
Stlth    ++........             (no amulet)
HPRegen  0.03/turn              (no ring)
MPRegen  0.08/turn              (no ring)

@: quick
A: no armour, no weapons or thrown items, stealth, claws 1, fangs 3, see
invisible, carnivore 3, speed 1, shaggy fur 1, slow metabolism 1, sharp paws
a: Renounce Religion


You were on level 1 of the Dungeon.
You worshipped Lugonu.
Lugonu was noncommittal.
You were not hungry.

You visited 1 branch of the dungeon, and saw 1 of its levels.
You visited the Abyss 1 time.

You collected 16 gold pieces.

Inventory:

Scrolls
 b - a scroll of identify {unknown}
Potions
 c - 2 potions of might {unknown}
Comestibles
 a - a meat ration


   Skills:
 + Level 3.2 Fighting
 + Level 3.3 Dodging
 + Level 0.8 Stealth
 + Level 2.1 Unarmed Combat
 + Level 1.8 Invocations


You couldn't memorise any spells.
You didn't know any spells.

Dungeon Overview and Level Annotations

Branches:
Dungeon (1/15)

Altars:


Innate Abilities, Weirdness & Mutations

You cannot wear armour.
You are incapable of wielding weapons or throwing items.
Your paws allow you to move quietly. (Stealth)
You have sharp claws.
You have razor-sharp teeth.
You have supernaturally acute eyesight. (SInv)
You are carnivorous and can eat meat at any time.
You cover ground quickly.
You are covered in fur. (AC +1)
You have a slow metabolism.
Your sharp claws are effective at attacking unaware monsters.


Message History

You scratch the jackal but do no damage.
The jackal is lightly wounded.
The jackal misses you. x2
You scratch the jackal but do no damage.
The jackal is lightly wounded.
The jackal bites you.
You take 1 damage, and have 4/10 hp.
You scratch the jackal but do no damage.
Your bite misses the jackal.
The jackal is lightly wounded.
The jackal closely misses you.
You closely miss the jackal.
The jackal is lightly wounded.
The jackal bites you.
* * * LOW HITPOINT WARNING * * *
The jackal barely misses you.
You take 2 damage, and have 2/10 hp.
As you open the door, it creaks loudly! The jackal bites you.
You die...

...#..........≈≈≈'...
..##.......#....≈≈≈'... #.
##.##.....>.#....≈≈≈#'#' ..
...........#.....≈≈≈≈#. .
.........###...⌠..≈≈≈+. #.
#.#.#.†..###...⌠..≈≈≈+.
#.#.##.#..............≈≈≈≈#.
#......######........≈≈≈#+##
#.Kghhh@'........≈≈≈'...
#.#######........≈≈≈'>..
..g%.........##........≈≈≈#+#'
......hh####K..........≈≈≈≈≈≈≈
#.#.##.h# .##........≈≈≈≈≈≈≈ #
#..# # .........≈≈≈≈≈≈≈ #..#
................. #..#
##......... .... ..).......


You could see 3 jackals, a hobgoblin and a kobold.

Vanquished Creatures
  A dart slug (D:1)
  2 bats (D:1)
  A jackal (D:1)
  A rat (D:1)
5 creatures vanquished.

Notes
Turn   | Place    | Note
-------+----------+-------------------------------------------
     0 | Abyss:1  | namelastname112 the Felid Abyssal Knight began the quest for the Orb.
     0 | Abyss:1  | Reached XP level 1. HP: 10/10 MP: 3/3
    29 | Abyss:1  | Found a corrupted altar of Lugonu.
    60 | Abyss:1  | Noticed a smoke demon
    96 | Abyss:1  | Noticed a large abomination
   133 | Abyss:1  | Noticed a chaos spawn
   153 | Abyss:1  | Noticed a hell hound
   160 | Abyss:1  | Noticed a glowing orange brain
   168 | D:1      | Escaped the Abyss
   341 | D:1      | Slain by a jackal

Vault maps used:
D:1:      dpeg_arrival_castle

Action                   || total
-------------------------++-------
Melee: Unarmed           ||    26
Invok: Depart the Abyss  ||     1
Armor: Skin              ||     2
Dodge: Dodged            ||    24
